 Dungeon Crawl Stone Soup version 0.17.0-15-g6d90897 (console) character file.

1345 gw the Cudgeler (level 8, -6/61 HPs)
             Began as a Demonspawn Fighter on Nov 10, 2015.
             Mangled by a sun demon (8 damage)
             ... summoned by the capriciousness of Xom
             ... on level 5 of the Dungeon.
             The game lasted 00:04:58 (5473 turns).

gw the Cudgeler (Demonspawn Fighter)                Turns: 5473, Time: 00:04:58

Health: -6/61      AC:  9    Str: 16    XL:     8   Next: 36%
Magic:  8/8        EV:  4    Int: 10    God:    Xom [.*....]
Gold:   166        SH:  9    Dex: 15    Spells: 0 memorised, 7 levels left

rFire  . . .     SeeInvis .     a - +0 flail
rCold  . . .     Clarity  .     g - +0 chain mail
rNeg   . . .     SustAt   .     c - +0 shield
rPois  .         Gourm    .     (no helmet)
rElec  .         Spirit   .     (no cloak)
rCorr  +         Warding  .     (no gloves)
rMut   .         Stasis   .     (no boots)
MR     .....                    b - amulet of resist corrosion
Stlth  ..........               (no ring)
                                (no ring)

@: not resistant to hostile enchantments, extremely unstealthy
A: powered by death 1, spiny 1
a: Renounce Religion


You were on level 5 of the Dungeon.
You worshipped Xom.
You were a plaything of Xom.
You were not hungry.

You visited 1 branch of the dungeon, and saw 5 of its levels.

You collected 166 gold pieces.

Inventory:

Hand Weapons
 a - a +0 flail (weapon)
Missiles
 d - 4 tomahawks (quivered)
 f - 76 stones
 h - 34 poisoned needles
Armour
 c - a +0 shield (worn)
 g - a +0 chain mail (worn)
Jewellery
 b - an amulet of resist corrosion (around neck)
Comestibles
 e - 4 bread rations


   Skills:
 + Level 4.8 Fighting
 * Level 5.7 Maces & Flails
 + Level 3.6 Throwing
 + Level 4.6 Armour
 + Level 4.6 Shields


You had 7 spell levels left.
You didn't know any spells.

Dungeon Overview and Level Annotations

Branches:
Dungeon (5/15)
 Temple: D:4-7

Altars:
Cheibriados
Elyvilon
Fedhas
Gozag
Sif Muna
Trog
Vehumet
Xom
Yredelemnul
Zin


Innate Abilities, Weirdness & Mutations

You regenerate a little health from kills.
You are partially covered in sharp spines.


Message History

The sun demon hits you but does no damage.
Unknown command.
Unknown command.
Unknown command.
Unknown command.
ATTACKING (0,-1)
You barely miss the sun demon.
The sun demon hits you but does no damage.
The sun demon is struck by your spines. The sun demon hits you!!
A shower of butterflies erupts from you!
You are engulfed in flames!
Unknown command.
Unknown command.
Unknown command.
Unknown command.
ATTACKING (0,-1)
You closely miss the sun demon.
The sun demon is lightly wounded.
The sun demon hits you!
You die...

~~~###~~~#.###########.#.#
~~~~~~~~~#.............#.#
}~~#'#~~}#.#############.#
####.#####......(#<# #.#
...........#####.#.# #.#
......##.### #.#.# #.#
.?....##.# #b#¤#####¤#
......##.# #3#...¤¤..#
##.....#.# #6#########
##.###.#.# #b# ##.# #.#.#
#.# ##.# #.#?# #.# .#.#
#.#.# #.# .#.# #.#.# #.#
...###.#.# #.# ......!#.#
#.# #..#####.# #.#


You could see a sun demon.

Table legend:
 A = Turns spent in this place as a percentage of turns spent in the entire game.
 B = Non-inter-level travel turns spent in this place as a percentage of non-inter-level travel turns spent in the entire game.
 C = Inter-level travel turns spent in this place as a percentage of turns spent in this place.
 D = Turns resting spent in this place as a percentage of non-inter-level travel turns spent in this place.
 E = Turns spent auto-exploring this place as a percentage of non-inter-level travel turns spent in this place.
 F = Non-inter-level travel turns spent in this place divided by the number of levels of this place that you've seen.
                   A       B       C       D       E      F
               +-------+-------+-------+-------+-------+----------------------
         Total | 100.0 | 100.0 |   0.6 |   0.5 |   2.3 | 1585.0
       Dungeon | 100.0 | 100.0 |   0.6 |   0.5 |   2.3 | 1585.0
               +-------+-------+-------+-------+-------+----------------------

Table legend:
 A = Kills in this place as a percentage of kills in entire the game.
 B = Kills by you in this place as a percentage of kills by you in the entire game.
 C = Kills by friends in this place as a percentage of kills by friends in the entire game.
 D = Other kills in this place as a percentage of other kills in the entire game.
 E = Experience gained in this place as a percentage of experience gained in the entire game.
 F = Experience gained in this place divided by the number of levels of this place that you have seen.
                   A       B       C       D       E      F
               +-------+-------+-------+-------+-------+----------------------
         Total | 100.0 | 100.0 | 100.0 |  -nan | 100.0 | 384.4
       Dungeon | 100.0 | 100.0 | 100.0 |  -nan | 100.0 | 384.4
               +-------+-------+-------+-------+-------+----------------------

Vanquished Creatures
  The ghost of Whaleporn the Covert, a novice OpAs (D:5)
  Grinder (D:3)
  The ghost of gw the Cutter, an amateur VSGl of Cheibriados (D:4)
  A necrophage (D:5)
  A centaur (D:5)
  A jelly (D:5)
  A crimson imp (D:4)
  2 hounds (D:4)
  A giant frog skeleton (D:5)
  Terence (D:3)
  2 worker ants (D:4)
  An orc priest (D:4)
  A hound zombie (D:5)
  An adder (D:2)
  2 gnolls (D:3)
  A shadow imp (D:5)
  An adder skeleton (D:4)
  5 worms
  A giant gecko (D:1)
  11 orcs
  4 giant cockroaches
  9 goblins
  8 hobgoblins
  3 quokkas
  A ball python (D:4)
  A ball python skeleton (D:5)
  10 bats
  3 giant newts
  4 jackals (D:2)
  7 kobolds
  6 rats
93 creatures vanquished.

Vanquished Creatures (collateral kills)
  2 orc wizards (D:4)
  An orc (D:4)
3 creatures vanquished.

Grand Total: 96 creatures vanquished

Notes
Turn   | Place    | Note
--------------------------------------------------------------
     0 | D:1      | gw the Demonspawn Fighter began the quest for the Orb.
     0 | D:1      | Reached XP level 1. HP: 18/18 MP: 1/1
   286 | D:1      | Gained mutation: You regenerate a little health from kills. [demonic ancestry]
   286 | D:1      | Reached XP level 2. HP: 22/24 MP: 2/2
   860 | D:2      | Reached skill level 1 in Throwing
   860 | D:2      | Gained mutation: You are partially covered in sharp spines. [demonic ancestry]
   860 | D:2      | Reached XP level 3. HP: 24/29 MP: 3/3
  1764 | D:3      | Reached XP level 4. HP: 33/35 MP: 4/4
  2087 | D:3      | Found a white marble altar of Elyvilon.
  2141 | D:3      | Found a shimmering altar of Xom.
  2153 | D:3      | Became a worshipper of Xom of Chaos
  2342 | D:3      | XOM: harmless Fire miscast
  2519 | D:3      | Noticed Grinder
  2536 | D:3      | Killed Grinder
  2536 | D:3      | Reached XP level 5. HP: 21/42 MP: 5/5
  2536 | D:3      | Reached XP level 6. HP: 24/48 MP: 6/6
  2668 | D:3      | Noticed Terence
  2681 | D:3      | Killed Terence
  2718 | D:3      | Found a deep blue altar of Sif Muna.
  2721 | D:3      | Found a radiant altar of Vehumet.
  2724 | D:3      | Found a basalt altar of Yredelemnul.
  2727 | D:3      | Found a blossoming altar of Fedhas.
  2918 | D:3      | XOM: silly message
  3401 | D:3      | XOM: silly message
  3612 | D:4      | Found a bloodstained altar of Trog.
  3630 | D:4      | Noticed gw's ghost (amateur VSGl)
  3642 | D:4      | XOM: divination: detect creatures
  3661 | D:4      | Killed gw's ghost
  3661 | D:4      | Reached skill level 4 in Fighting
  3736 | D:4      | XOM: divination: detect items
  3737 | D:4      | Reached XP level 7. HP: 54/54 MP: 7/7
  4033 | D:4      | XOM: enchant monster (bad)
  4093 | D:4      | Found an opulent altar of Gozag.
  4094 | D:4      | Found a glowing silver altar of Zin.
  4094 | D:4      | XOM: noise
  4393 | D:4      | XOM: summons friendly white imp
  4431 | D:5      | Entered Level 5 of the Dungeon
  4559 | D:5      | Found a snail-covered altar of Cheibriados.
  4760 | D:5      | XOM: cast spell 'Confusing Touch'
  4766 | D:5      | Reached skill level 5 in Maces & Flails
  4817 | D:5      | XOM: enchant monster (good)
  4870 | D:5      | XOM: medium Summ miscast
  5248 | D:5      | XOM: colour smoke trail
  5432 | D:5      | Noticed Whaleporn's ghost (novice OpAs)
  5432 | D:5      | XOM: harmless Chrm miscast
  5444 | D:5      | Killed Whaleporn's ghost
  5444 | D:5      | Reached XP level 8. HP: 61/61 MP: 8/8
  5468 | D:5      | XOM: medium Summ miscast
  5469 | D:5      | Noticed a sun demon
  5472 | D:5      | XOM: butterfly on damage
  5472 | D:5      | HP: 2/61 [sun demon[the capriciousness of Xom] (11)]
  5473 | D:5      | Mangled by a sun demon

Action                   |  1- 3 |  4- 6 |  7- 9 || total
-------------------------+-------+-------+-------++-------
Melee: Flail             |   115 |    54 |    86 ||   255
Throw: Stone             |    84 |    44 |    57 ||   185
       Tomahawk          |       |       |    60 ||    60
  Use: Potion            |       |     1 |       ||     1
  Eat: Chunk             |     3 |     6 |     6 ||    15

Vault maps used:
D:1:      dpeg_arrival_triangle_fractal
D:3:      overflow_temple_1_default, tgw_xom, grunt_temple_overflow_cloverleaf,
          uniq_grinder, uniq_terence
D:4:      grunt_temple_overflow_gold_and_silver, overflow_temple_1_default
D:5:      minmay_temple_entry_nine_rooms, first_bread, cheibrodos_worm_habitat
